 Dungeon Crawl Stone Soup version 0.30-a0-341-g682706514a (webtiles) character file.

Game seed: 16619610656908978010

205 sanka the Caller (level 5, -4/38 HPs)
             Began as a Demigod Summoner on Nov 1, 2022.
             Slain by an orc
             ... wielding a +4 dagger
              (5 damage)
             ... on level 3 of the Dungeon.
             The game lasted 00:07:47 (3150 turns).

sanka the Caller (Demigod Summoner)                 Turns: 3150, Time: 00:07:48

Health: -4/38      AC:  3    Str:  9    XL:     5   Next: 27%
Magic:  6/10       EV: 12    Int: 21    God:
Gold:   98         SH:  0    Dex: 14    Spells: 2/8 levels left

rFire   + . .      SeeInvis .    t - +2 flail (drain)
rCold   + . .      Faith    .    (no shield)
rNeg    . . .      Spirit   .    a - +0 robe
rPois   .          Reflect  .    (no helmet)
rElec   .          Harm     .    q - scarf {rC+ rF+}
rCorr   .          Rampage  .    (no gloves)
Will    +....                    l - +0 pair of boots
Stlth   ++........               (no amulet)
HPRegen 0.26/turn                g - ring of wizardry
MPRegen 0.12/turn                d - ring of willpower

@: lethally poisoned (-4 -> -10)
A: high MP 1, forlorn, divine attributes
a: no special abilities


You were on level 3 of the Dungeon.
You visited 1 branch of the dungeon, and saw 3 of its levels.

You collected 98 gold pieces.


Innate Abilities, Weirdness & Mutations

You have an increased reservoir of magic. (+10% MP)
You shall have no god before yourself.
Your divine heritage dramatically boosts your attributes as you level up.


   Skills:
 - Level 1.7 Dodging
 - Level 1.7 Stealth
 - Level 2.0 Spellcasting
 + Level 6.2 Summonings


You had 2 spell levels left.
You knew the following spells:

 Your Spells              Type           Power      Damage    Failure   Level
c - Call Canine Familiar  Summ           28%        N/A       1%          3
x - Call Imp              Summ           28%        N/A       1%          2
z - Summon Small Mammal   Summ           100%       N/A       1%          1

Your spell library contained the following spells:

 Spells                   Type           Power      Damage    Failure   Level
 Summon Guardian Golem    Hex/Summ       15%        N/A       4%          3
 Summon Lightning Spire   Summ/Air       15%        N/A       16%         4
 Gell's Gravitas          Tloc           2%         N/A       17%         3
 Teleport Other           Tloc           2%         N/A       17%         3
 Dispersal                Tloc           1%         N/A       100%        6

Inventory:

Hand Weapons
 f - a +0 short sword
 t - a +2 flail of draining (weapon)
Armour
 a - a +0 robe (worn)
 l - a +0 pair of boots (worn)
 q - a scarf of resistance (worn)
Magical Staves
 v - a staff of death
Jewellery
 d - a ring of willpower (right hand)
 e - a ring of fire
 g - a ring of wizardry (left hand)
Wands
 s - a wand of iceblast (4)
Scrolls
 h - 6 scrolls of identify {unknown}
 k - a scroll of teleportation {unknown}
 m - a scroll of brand weapon {unknown}
 n - a scroll of poison {unknown}
 p - a scroll of enchant armour {unknown}
 u - a scroll of butterflies {unknown}
Potions
 b - a potion of magic
 c - a potion of attraction {unknown}
 i - 2 potions of might {unknown}
 j - a potion of flight {unknown}
 o - a potion of cancellation {unknown}
 r - a potion of degeneration {unknown}

Dungeon Overview and Level Annotations

Branches:
Dungeon (3/15)

Shops:
D:1 =   D:2 :

Annotations:
D:3 1 runed translucent door, Crazy Yiuf, Natasha

▒.▒ .......▒.▒
.......▒.▒
.......▒.▒
.......▒.▒
.......▒.▒
.......▒.▒
....5.h▒5▒▒▒▒▒▒▒
......Sp........
......o.).......
................
▒▒▒▒▒▒..........
▒..........
▒..........
▒..........
▒▒▒▒▒▒▒▒.>▒


You could see Natasha (ally target), an adder, a white imp (summoned), an orc
and a friendly crimson imp (summoned).


Message History

Your hound bites Natasha.
Natasha zaps a wand.
The bolt of light hits your hound! The adder bites your hound.
Your hound dies!
Natasha zaps a wand.
The bolt of light hits you!
You barely miss Natasha.
Natasha is almost dead.
The adder closely misses you.
Natasha zaps a wand.
The bolt of light hits you!!
Ouch! That really hurt!
* * * LOW HITPOINT WARNING * * *
You barely miss Natasha.
Natasha is almost dead.
The adder bites you but does no damage. Natasha closely misses you.
The adder closely misses you.
Natasha mumbles some strange words.
You barely miss Natasha.
Natasha is almost dead.
The adder bites you.
* * * LOW HITPOINT WARNING * * *
The adder bites you.
* * * LOW HITPOINT WARNING * * *
You are lethally poisoned!
The adder poisons you! The orc hits you with a +4 dagger.
You die...

Action                   |  1- 3 |  4- 6 || total
-------------------------+-------+-------++-------
Melee: Unarmed           |    16 |       ||    16
       Short sword       |    48 |    36 ||    84
       Flail             |       |    10 ||    10
 Cast: Summon Small Mamm |    27 |     1 ||    28
       Call Imp          |    14 |     8 ||    22
       Call Canine Famil |       |     3 ||     3
Evoke: Wand              |       |     1 ||     1
 Stab: Distracted        |     2 |       ||     2
       Sleeping          |     2 |       ||     2
Armor: Robe              |    14 |     5 ||    19
Dodge: Dodged            |    57 |    28 ||    85

Levels and vault maps discovered:
D:1:      ncdulo_lavacross, layout_basic,
          dreamdust_ecumenical_altar_drowned_temple, serial_shops,
          nicolae_shop_hallway_stairs, minmay_tetromino_t2
D:2:      layout_basic, serial_shops, nicolae_shop_window_shopping
D:3:      layout_basic, nicolae_dithmenos_the_darkroom, kennysheep_doodads,
          uniq_natasha, uniq_terence, uniq_crazy_yiuf_cottage

Notes
Turn   | Place    | Note
-------+----------+-------------------------------------------
     0 | D:1      | sanka the Demigod Summoner began the quest for the Orb.
     0 | D:1      | Reached XP level 1. HP: 14/14 MP: 5/5
   153 | D:1      | Reached skill level 2 in Spellcasting
   186 | D:1      | Found Iwikov's Jewellery Shop.
   266 | D:1      | Reached skill level 4 in Summonings
   292 | D:1      | Reached XP level 2. HP: 20/20 MP: 5/7
   589 | D:1      | Learned a level 2 spell: Call Imp
  1206 | D:2      | Reached XP level 3. HP: 19/26 MP: 4/8
  1656 | D:2      | Reached skill level 5 in Summonings
  1811 | D:2      | Reached XP level 4. HP: 32/33 MP: 9/9
  2208 | D:2      | Learned a level 3 spell: Call Canine Familiar
  2265 | D:2      | Identified a scarf of resistance
  2296 | D:2      | Found Gogesk's Book Boutique.
  2880 | D:3      | Noticed Natasha
  2888 | D:3      | Killed Natasha
  2896 | D:3      | Noticed Terence
  2918 | D:3      | Killed Terence
  2919 | D:3      | Reached skill level 6 in Summonings
  2919 | D:3      | Reached XP level 5. HP: 30/38 MP: 5/10
  2973 | D:3      | Noticed Natasha
  2985 | D:3      | Killed Natasha
  3091 | D:3      | Found a runed translucent door.
  3092 | D:3      | Noticed Crazy Yiuf
  3139 | D:3      | Noticed Natasha
  3150 | D:3      | HP: 1/38 [adder (4)]
  3150 | D:3      | Slain by an orc

Vanquished Creatures
  2 adders (D:2)
  3 bats
  A goblin (D:1)
  A hobgoblin (D:2)
  4 kobolds
  2 quokkas (D:2)
  A frilled lizard (D:3)
  A rat (D:2)
15 creatures vanquished.

Vanquished Creatures (collateral kills)
  Terence (D:3)
  Natasha (twice) (D:3)
  6 adders
  A worm (D:2)
  2 dart slugs (D:1)
  3 ball pythons
  3 endoplasms
  A giant cockroach (D:1)
  3 goblins (D:1)
  4 hobgoblins (D:1)
  2 jackals (D:1)
  2 bats
  6 frilled lizards
  4 kobolds
  2 rats
  A spectral goblin (D:1)
43 creatures vanquished.

Vanquished Creatures (others)
  A kobold (D:3)
  A fungus (D:3)
2 creatures vanquished.

Grand Total: 60 creatures vanquished
